 Dungeon Crawl Stone Soup version 0.22-a0-848-ge9e22a0 (webtiles) character file.

163 royokou the Conjurer (level 5, 0/38 HPs)
             Began as a Draconian Conjurer on July 26, 2018.
             Slain by a hippogriff (1 damage)
             ... on level 3 of the Dungeon.
             The game lasted 00:07:58 (3042 turns).

royokou the Conjurer (Draconian Conjurer)           Turns: 3042, Time: 00:07:58

Health: 0/38       AC:  5    Str: 11    XL:     5   Next: 20%
Magic:  0/10       EV: 16    Int: 16    God:
Gold:   140        SH:  0    Dex: 11    Spells: 1/11 levels left

rFire    . . .     SeeInvis .   m - +0 whip
rCold    . . .     Gourm    .   (no shield)
rNeg     . . .     Faith    .   (armour unavailable)
rPois    .         Spirit   .   (helmet restricted)
rElec    .         Reflect  .   (no cloak)
rCorr    .         Harm     .   (no gloves)
MR       .....                  (no boots)
Stlth    ++........             (no amulet)
HPRegen  0.12/turn              (no ring)
MPRegen  0.12/turn              d - +4 ring of evasion

@: no status effects
A: unfitting armour, cold-blooded, AC +5
a: no special abilities


You were on level 3 of the Dungeon.
You were not hungry.

You visited 1 branch of the dungeon, and saw 3 of its levels.

You collected 140 gold pieces.

Inventory:

Hand Weapons
 m - a +0 whip (weapon)
Jewellery
 d - a +4 ring of evasion (right hand)
Scrolls
 a - 2 scrolls of fog {unknown}
 e - 2 scrolls of fear
 h - 2 scrolls of random uselessness {unknown}
 i - 2 scrolls of identify
 j - 2 scrolls of teleportation {unknown}
 k - a scroll of enchant weapon {unknown}
 o - a scroll of blinking {unknown}
Potions
 c - 4 potions of curing {unknown}
 f - a potion of lignification {unknown}
 g - a potion of agility {unknown}
 l - a potion of haste {unknown}
 n - a potion of degeneration {unknown}
Comestibles
 b - 11 rations
 p - a chunk of flesh


   Skills:
 - Level 1.7 Dodging
 - Level 1.7 Stealth
 + Level 3.5 Spellcasting
 + Level 5.6 Conjurations


You had one spell level left.
You knew the following spells:

 Your Spells              Type           Power        Failure   Level  Hunger
a - Magic Dart            Conj           ###.         1%          1    None
b - Searing Ray           Conj           ###...       2%          2    ##.....
c - Dazzling Spray        Conj/Hex       ##....       17%         3    ###....
d - Iskenderun's Mystic   Conj           ###.....     17%         4    ####...

Your spell library contained the following spells:

 Spells                   Type           Power        Failure   Level  Hunger
 Confuse                  Hex            #.......     47%         3    ###....
 Confusing Touch          Hex            #.....       19%         1    None
 Metabolic Englaciation   Hex/Ice        #.........   99%         5    ######.
 Petrify                  Tmut/Erth      #.......     87%         4    ####...
 Fulminant Prism          Conj/Hex       ##........   50%         4    ####...
 Force Lance              Conj/Tloc      ##......     50%         4    ####...
 Gell's Gravitas          Tloc           #.........   47%         3    ###....
 Yara's Violent Unravell  Hex/Tmut       #.........   99%         5    ######.


Dungeon Overview and Level Annotations

Branches:
Dungeon (3/15)

Altars:
Qazlal


Innate Abilities, Weirdness & Mutations

Your plain brown scales are hard. (AC +5)
You cannot fit into any form of body armour.
You are cold-blooded and may be slowed by cold attacks.


Message History

Aiming: Magic Dart (safe; 1% risk of failure)
Press: ? - help, Shift-Dir - straight line, f/p - hippogriff
Aim: a hippogriff (severely wounded)
The magic dart hits the hippogriff.
The hippogriff is almost dead.
The hippogriff bites you.
* * * LOW HITPOINT WARNING * * *
The hippogriff pecks you.
* * * LOW HITPOINT WARNING * * *
The hippogriff claws you.
* * * LOW HITPOINT WARNING * * *
You hit the hippogriff but do no damage.
The hippogriff is almost dead.
The hippogriff misses you. The hippogriff pecks you.
* * * LOW HITPOINT WARNING * * *
The hippogriff barely misses you.
You hit the hippogriff but do no damage.
The hippogriff is almost dead.
The hippogriff bites you.
You die...

##.## ####.#####........# #.#
#..# #........# # #<# #.##
#........# # ##'## #.# #........#
# ##...## #.# #........# #
##.....## #.# #........# #
##.......# ##.## #........#
###.........####H..#########.#...
..'.........+...@................
###.........####..)#########.#...
# ##.......## ##)## #.##.# .
.#.....## #.# ###.#### ##
.##...## #.# #......# # . #+##
#.# #.#.##.# # #.# #.# #.#.##.# #
#.# #.# #.#.##.. ##.## #.#
#.#....#


You could see a hippogriff.

Vanquished Creatures
  Natasha (thrice) (D:3)
  An adder (D:3)
  An ooze (D:1)
  A worm (D:2)
  3 dart slugs
  2 leopard geckos
  An orc (D:3)
  3 giant cockroaches (D:1)
  5 goblins
  9 hobgoblins
  3 jackals (D:2)
  A quokka (D:3)
  3 ball pythons
  8 bats
  8 frilled lizards
  8 kobolds
  8 rats
68 creatures vanquished.

Notes
Turn   | Place    | Note
-------+----------+-------------------------------------------
     0 | D:1      | royokou the Draconian Conjurer began the quest for the Orb.
     0 | D:1      | Reached XP level 1. HP: 14/14 MP: 3/3
   104 | D:1      | Reached XP level 2. HP: 20/20 MP: 0/5
   185 | D:1      | Learned a level 2 spell: Searing Ray
   774 | D:1      | Reached XP level 3. HP: 26/26 MP: 3/6
   780 | D:1      | Learned a level 3 spell: Dazzling Spray
  1606 | D:2      | Found a stormy altar of Qazlal.
  1678 | D:2      | Reached skill level 5 in Conjurations
  2188 | D:3      | Reached XP level 4. HP: 33/33 MP: 3/8
  2370 | D:3      | Noticed Natasha
  2379 | D:3      | Killed Natasha
  2425 | D:3      | Noticed Natasha
  2431 | D:3      | Killed Natasha
  2538 | D:3      | Noticed Natasha
  2544 | D:3      | Killed Natasha
  2544 | D:3      | Reached XP level 5. HP: 38/38 MP: 3/10
  2550 | D:3      | Learned a level 4 spell: Iskenderun's Mystic Blast
  3030 | D:3      | Noticed a hippogriff
  3041 | D:3      | HP: 1/38 [hippogriff (1)]
  3042 | D:3      | Slain by a hippogriff

Vault maps used:
D:1:      dpeg_arrival_yet_another_circle, minmay_pentomino_o4
D:2:      grunt_qazlal_clouds
D:3:      uniq_natasha

Skill      XL: |  1  2  3  4 |
---------------+-------------+-----
Conjurations   | 5 |  5.6
Spellcasting   | 3 |  3.5
Dodging        | |  1.7
Stealth        | |  1.7

Action                   |  1- 3 |  4- 6 || total
-------------------------+-------+-------++-------
Melee: Club              |    68 |       ||    68
       Tailslap          |     6 |       ||     6
       Whip              |    17 |     2 ||    19
 Cast: Magic Dart        |    76 |    27 ||   103
       Searing Ray       |     2 |     6 ||     8
  Use: Scroll            |     2 |       ||     2
  Eat: Chunk             |     5 |     3 ||     8
Armor: Skin              |    29 |       ||    29
Dodge: Dodged            |    81 |     7 ||    88

Table legend:
 A = Spawn XP
 B = Non-spawn XP
 C = Spawn XP percentage of total XP
 D = Spawn monster count
 E = Non-spawn monster count
 F = Spawn count percentage of total count
 G = Total turns spent on level
                    A         B        C        D         E        F      G
               +---------+---------+-------+---------+---------+-------+---------
         Total |       0 |     234 |   0.0 |       0 |      68 |   0.0 |  3042
               +---------+---------+-------+---------+---------+-------+---------
           D:1 |       0 |      59 |   0.0 |       0 |      33 |   0.0 |  1516
           D:2 |       0 |      30 |   0.0 |       0 |      17 |   0.0 |   596
           D:3 |       0 |     145 |   0.0 |       0 |      18 |   0.0 |   930
               +---------+---------+-------+---------+---------+-------+---------
